[Event "Monday Night Engine Tour Round Robin 5m+1s Starts at 2200hrs No Late Joins Possible"]
[Site "Infinity Chess"]
[Date "2018.1.29"]
[Round "1"]
[White "MCDermont"]
[Black "MarioDeMonti"]
[Result "1-0 "]
[ECO "C55"]
[WhiteElo "2508"]
[BlackElo "2499"]
[WhiteEngine "BrainFish 060118_CTG"]
[BlackEngine "stockfish_x64_bmi2_2018_01_23_CTG"]
[EventType "Round Robin"]
[WhiteTeam ""]
[BlackTeam ""]
[PlyCount "229"]
[TimeControl "300+1"]

1. e4 e5 2. Nf3 Nc6 3. Bc4 Nf6 4. d3 Bc5 5. c3 d6 6. Bb3 h6 7. O-O O-O 
8. Nbd2 a6 9. h3 Ba7 10. Re1 Re8 11. a4 Be6 12. Bxe6 Rxe6 13. b4 d5 14. Qc2 d4 
15. Bb2 dxc3 16. Bxc3 a5 17. b5 Nb4 18. Bxb4 axb4 19. Nc4 Nd7 20. a5 Rf6 
21. Qe2 Bc5 22. Reb1 c6 23. b6 Re6 24. Ra2 Re8 25. g3 Qe7 26. Kg2 Qe6 27. Rd1 g6 
28. Raa1 h5 29. Rdc1 Qf6 30. h4 Ra6 31. Ncd2 Qe6 32. Qd1 Be7 33. Nb3 Rea8 
34. Ng5 Qd6 35. Nf3 Bf8 36. Rc4 c5 37. Rc2 Bh6 38. Qe2 Qe7 39. Qd1 Qd6 
40. Qe2 Qe7 41. Qe1 Qd6 42. Qd1 Qc6 43. Nfd2 Bf8 44. Nc4 Qe6 45. Qc1 Kh7 
46. Rb2 Qc6 47. Ne3 f5 48. f3 fxe4 49. fxe4 Bh6 50. Rc2 Qd6 51. Qd2 Rc8 
52. Nc4 Qe6 53. Qf2 Rf8 54. Qe1 Qe7 55. Rf2 Raa8 56. Rxf8 Bxf8 57. Qe2 Qe6 
58. Qb2 Kg7 59. Nbd2 Kh7 60. Nf3 Bh6 61. Ra2 Kg8 62. a6 bxa6 63. b7 Rf8 
64. Qa1 Qf6 65. Rf2 Qc6 66. Qa2 Qxb7 67. Nd6+ b3 68. Qa4 Qc7 69. Qxb3+ c4 
70. Nxc4 Kh8 71. Rc2 Qd8 72. Qb7 Qf6 73. Rf2 Qe6 74. Qd5 Re8 75. Nd6 Re7 
76. Ra2 Kg7 77. Ra5 Nf6 78. Qxe6 Rxe6 79. Rxa6 Ng4 80. Ra7+ Kg8 81. Nc4 Kf8 
82. Kf1 Bg7 83. Ng5 Rf6+ 84. Ke2 Rc6 85. Ra8+ Ke7 86. Ke1 Bf6 87. Ra7+ Kf8 
88. Nf3 Bg7 89. Ra8+ Ke7 90. Ra5 Re6 91. Ng5 Rc6 92. Nf3 Re6 93. Ng5 Rc6 
94. Kd2 Kf8 95. Ra8+ Ke7 96. Ra7+ Kf8 97. Kc3 Bh6 98. Kb4 Rc8 99. Nf7 Re8 
100. Kc5 Kg8 101. Nxh6+ Nxh6 102. Nb6 Re6 103. Nd7 Nf7 104. Rb7 Kg7 105. Nb6 Kf6 
106. Rd7 g5 107. hxg5+ Nxg5 108. Nd5+ Kg6 109. Ne7+ Kf6 110. Nd5+ Kg6 
111. Ne7+ Kf6 112. Ng8+ Kg6 113. Kd5 Re8 114. Rd6+ Kg7 115. Nf6 1-0

[Event "Monday Night Engine Tour Round Robin 5m+1s Starts at 2200hrs No Late Joins Possible"]
[Site "Infinity Chess"]
[Date "2018.1.29"]
[Round "1"]
[White "MGR"]
[Black "Coco69"]
[Result "1/2-1/2"]
[ECO "D31"]
[WhiteElo "2520"]
[BlackElo "2486"]
[WhiteEngine "asmFishW_2017-08-25_bmi2"]
[BlackEngine "Raubfisch X37b4_CTG"]
[EventType "Round Robin"]
[WhiteTeam ""]
[BlackTeam ""]
[PlyCount "85"]
[TimeControl "300+1"]

1. d4 d5 2. c4 e6 3. Nc3 c6 4. e4 dxe4 5. Nxe4 Bb4+ 6. Bd2 Qxd4 7. Bxb4 Qxe4+ 
8. Be2 Na6 9. Ba5 b6 10. Qd6 Bd7 11. Bc3 f6 12. Nf3 Nh6 13. Rd1 Rd8 14. Qa3 Bc8 
15. Nd2 Qf4 16. Bh5+ Nf7 17. O-O c5 18. Qa4+ Ke7 19. Rfe1 Ng5 20. Re3 Rd6 
21. Rde1 Rhd8 22. Nf3 Kf8 23. a3 Nf7 24. h3 Rd3 25. Rxd3 Rxd3 26. Qc2 Qxc4 
27. Nd2 Qd5 28. Be2 Bb7 29. f3 Rd4 30. Bxd4 Qxd4+ 31. Kh1 Nc7 32. Nc4 Bd5 
33. Rd1 Qf4 34. a4 h6 35. b3 Nd6 36. Nxd6 Qxd6 37. Bc4 Kf7 38. Qd2 Qg3 
39. a5 Kg8 40. Qe3 Kf7 41. Qd2 Kg8 42. Qe3 Kf7 43. Qd2 1/2-1/2

[Event "Monday Night Engine Tour Round Robin 5m+1s Starts at 2200hrs No Late Joins Possible"]
[Site "Infinity Chess"]
[Date "2018.1.29"]
[Round "1"]
[White "RonWeasley"]
[Black "KULLANI"]
[Result "1/2-1/2"]
[ECO "C53"]
[WhiteElo "2530"]
[BlackElo "2470"]
[WhiteEngine "BrainFish 060118_CTG"]
[BlackEngine "BrainFish_180124_x64_CTG"]
[EventType "Round Robin"]
[WhiteTeam ""]
[BlackTeam ""]
[PlyCount "101"]
[TimeControl "300+1"]

1. e4 e5 2. Nf3 Nc6 3. Bc4 Bc5 4. c3 Nf6 5. d3 d6 6. Bb3 a6 7. Nbd2 O-O 
8. O-O Re8 9. Re1 h6 10. h3 Ba7 11. a4 a5 12. Bc4 Be6 13. Bb5 Nd7 14. Nf1 f5 
15. exf5 Bxf5 16. Be3 Kh8 17. Bxa7 Nxa7 18. d4 Nxb5 19. axb5 e4 20. N3h2 Nb6 
21. Ne3 Bd7 22. c4 Qg5 23. Kh1 a4 24. Qc2 Rf8 25. Qxe4 Rxf2 26. Qxb7 Raf8 
27. Nhg4 Nxc4 28. Nxc4 Bxg4 29. hxg4 h5 30. Qe4 hxg4 31. Kg1 Qh5 32. Ne5 dxe5 
33. Qxe5 Qh6 34. Rxa4 Qh4 35. Ra3 Rxb2 36. Qg3 Qxg3 37. Rxg3 Rf4 38. Rd3 Rxb5 
39. Rc1 Kg8 40. Rxc7 Rd5 41. Rd1 Kh7 42. Kh2 Rfxd4 43. Rxd4 Rxd4 44. Rc6 Kh8 
45. Rc3 Kh7 46. Rc6 g3+ 47. Kh3 Rd1 48. Kxg3 Rd4 49. Rc1 g6 50. Rh1+ Kg7 51. Ra1 
1/2-1/2

[Event "Monday Night Engine Tour Round Robin 5m+1s Starts at 2200hrs No Late Joins Possible"]
[Site "Infinity Chess"]
[Date "2018.1.29"]
[Round "1"]
[White "xeonrocks"]
[Black "SkyPilot"]
[Result "1/2-1/2"]
[ECO "C55"]
[WhiteElo "2541"]
[BlackElo "2467"]
[WhiteEngine "asmFishW_CTG"]
[BlackEngine "stockfish_x64_bmi2_2018_01_23_CTG"]
[EventType "Round Robin"]
[WhiteTeam ""]
[BlackTeam ""]
[PlyCount "111"]
[TimeControl "300+1"]

1. e4 e5 2. Nf3 Nc6 3. Bc4 Nf6 4. d3 Bc5 5. O-O d6 6. c3 O-O 7. h3 a5 8. Nbd2 h6 
9. Re1 Be6 10. a4 Bxc4 11. Nxc4 Re8 12. Be3 Bxe3 13. Rxe3 Qd7 14. Qb3 Nd8 
15. Rae1 Ne6 16. d4 exd4 17. cxd4 b6 18. Qd1 d5 19. Nfe5 Qd8 20. exd5 Qxd5 
21. Rd3 Qb7 22. Ng4 Nxg4 23. Qxg4 Qd5 24. b3 Ng5 25. Red1 Re4 26. Qg3 Ne6 
27. Ne3 Qg5 28. Qf3 Qf4 29. Qxf4 Nxf4 30. R3d2 Ne6 31. g3 c5 32. dxc5 Nxc5 
33. Rd6 Rb4 34. Nd5 Rxb3 35. Nxb6 Ra6 36. Nc4 Rxd6 37. Rxd6 Ne4 38. Rb6 Rxb6 
39. Nxb6 Nc5 40. Kg2 Kf8 41. Kf3 Ke7 42. Nc4 Nxa4 43. g4 Kf6 44. Nxa5 Ke7 
45. h4 Nc3 46. Kf4 Ke6 47. Nc4 g6 48. Ke3 g5 49. hxg5 hxg5 50. f3 Kf6 
51. Nb2 Nb5 52. f4 gxf4+ 53. Kxf4 Nd6 54. Nd3 Nc4 55. Nc5 Kg7 56. Kf3 1/2-1/2

[Event "Monday Night Engine Tour Round Robin 5m+1s Starts at 2200hrs No Late Joins Possible"]
[Site "Infinity Chess"]
[Date "2018.1.29"]
[Round "1"]
[White "KhalidOmar"]
[Black "Dovahkiin"]
[Result "1-0"]
[ECO "C50"]
[WhiteElo "2546"]
[BlackElo "2456"]
[WhiteEngine "Eman 1.68c 64-bit BMI2"]
[BlackEngine "BrainFish_180128_x64_modern_CTG"]
[EventType "Round Robin"]
[WhiteTeam ""]
[BlackTeam ""]
[PlyCount "165"]
[TimeControl "300+1"]

1. e4 e5 2. Nf3 Nc6 3. Bc4 Bc5 4. O-O Nf6 5. d3 d6 6. c3 a5 7. Bb3 O-O 8. Bg5 h6 
9. Bh4 g5 10. Bg3 g4 11. Nh4 Nh5 12. Kh1 Qg5 13. a4 Bd7 14. Nd2 Kh8 15. Nc4 Rad8 
16. Ne3 Rc8 17. Nd5 f5 18. exf5 Bxf5 19. Bc2 Bh7 20. d4 exd4 21. Bxh7 Kxh7 
22. cxd4 Bxd4 23. Qb3 Kh8 24. Rae1 Ne5 25. Bxe5+ Bxe5 26. g3 Rf7 27. Ne3 Rcf8 
28. Qd3 Kg8 29. Qc4 c6 30. Nxg4 Bg7 31. f3 Nf4 32. Qc2 d5 33. Ne3 Rf6 34. b3 Re8 
35. Rg1 Kh8 36. Qb1 Qh5 37. Nef5 Ne2 38. Nxg7 Kxg7 39. Rg2 Nd4 40. g4 Rxe1+ 
41. Qxe1 Qf7 42. Qc3 Ne6 43. Nf5+ Kg8 44. Qxa5 Ng7 45. Qe1 Nxf5 46. gxf5+ Kh7 
47. Re2 Qh5 48. Re7+ Rf7 49. Rxf7+ Qxf7 50. Qe5 Qd7 51. Qe6 Qg7 52. f6 Qf8 
53. f4 d4 54. Qe4+ Kh8 55. Qxd4 Kg8 56. Qc4+ Kh8 57. Qe6 Qg8 58. Qxg8+ Kxg8 
59. Kg2 h5 60. Kg3 Kf7 61. Kh4 Kxf6 62. Kxh5 Kf5 63. b4 Kxf4 64. a5 Kf5 
65. h4 Kf6 66. a6 bxa6 67. Kg4 Ke6 68. h5 Kf6 69. Kf4 Ke6 70. Kg5 Kd5 71. h6 Kc4 
72. h7 Kxb4 73. Kf4 a5 74. h8=Q a4 75. Qd4+ Kb5 76. Qd3+ Kb4 77. Ke5 a3 
78. Kd4 c5+ 79. Kd5 a2 80. Qc4+ Ka3 81. Qc3+ Ka4 82. Kxc5 a1=Q 83. Qb4# 1-0

[Event "Monday Night Engine Tour Round Robin 5m+1s Starts at 2200hrs No Late Joins Possible"]
[Site "Infinity Chess"]
[Date "2018.1.29"]
[Round "1"]
[White "Victorious"]
[Black "star99"]
[Result "1-0 "]
[ECO "E38"]
[WhiteElo "2557"]
[BlackElo "2438"]
[WhiteEngine "BugChess2.41_Release"]
[BlackEngine "Cryptic AIL V2"]
[EventType "Round Robin"]
[WhiteTeam ""]
[BlackTeam ""]
[PlyCount "190"]
[TimeControl "300+1"]

1. d4 Nf6 2. c4 e6 3. Nc3 Bb4 4. Qc2 c5 5. dxc5 O-O 6. a3 Bxc5 7. Nf3 Nc6 
8. Bg5 h6 9. Bh4 Nd4 10. Nxd4 Bxd4 11. e3 Bxc3+ 12. Qxc3 b6 13. Be2 Bb7 
14. Qd4 Qe7 15. f3 e5 16. Qd2 Rac8 17. e4 Rfd8 18. Qb4 d6 19. O-O g5 20. Bf2 Nh5 
21. Rfe1 Nf4 22. Bf1 Bc6 23. Qd2 Ne6 24. b4 Qc7 25. Be3 f6 26. Qa2 Bd7 
27. Reb1 Rb8 28. Rd1 Kg7 29. g3 Nf8 30. Qf2 Be6 31. f4 Qf7 32. Rac1 Rbc8 
33. Rc3 Nh7 34. f5 Bxc4 35. Qc2 b5 36. a4 a6 37. Rc1 d5 38. exd5 Rxd5 
39. Bxc4 bxc4 40. Rxc4 Rxc4 41. Qxc4 Rd1+ 42. Kf2 Qh5 43. Rxd1 Qxd1 44. b5 axb5 
45. Qc7+ Kg8 46. axb5 Nf8 47. b6 g4 48. Qc6 Kh7 49. Bxh6 Nd7 50. Be3 Qd3 
51. b7 Kg7 52. Qxd7+ Qxd7 53. b8=Q Qxf5+ 54. Kg1 Qf3 55. Qc7+ Kg8 56. Qc8+ Kg7 
57. Qd7+ Kg6 58. Qd3+ Kg7 59. Qd7+ Kg6 60. Bc1 Qe4 61. Qd2 Kf7 62. Qa2+ Kg7 
63. Qd2 Kg6 64. Qe3 Qb1 65. Qc3 Qb6+ 66. Kf1 Qb5+ 67. Kf2 Qb7 68. Qd3+ Kg7 
69. Qd1 Qc8 70. Ba3 Qe6 71. Bc5 Qc4 72. Be3 Qe4 73. Bc5 Kh6 74. Qe2 Qh1 
75. Qxg4 Qxh2+ 76. Ke1 Qh1+ 77. Ke2 Qg2+ 78. Bf2 Kh7 79. Qf3 Qxf3+ 80. Kxf3 f5 
81. Kg2 Kg7 82. Kh3 Kf7 83. Kh4 Kg6 84. Ba7 f4 85. g4 Kf6 86. Kh5 Ke7 87. g5 Kf7 
88. Kh6 Kf8 89. g6 e4 90. g7+ Kf7 91. Kh7 Ke7 92. Kg6 e3 93. g8=Q Kd7 94. Kf6 e2 
95. Qd5+ Kc7 1-0

[Event "Monday Night Engine Tour Round Robin 5m+1s Starts at 2200hrs No Late Joins Possible"]
[Site "Infinity Chess"]
[Date "2018.1.29"]
[Round "1"]
[White "KRAKEN"]
[Black "koalachess"]
[Result "1/2-1/2"]
[ECO "E10"]
[WhiteElo "2578"]
[BlackElo "2295"]
[WhiteEngine "Raubfisch X37c_CTG"]
[BlackEngine "asmFishW_2017-11-19_popcnt_CTG"]
[EventType "Round Robin"]
[WhiteTeam ""]
[BlackTeam ""]
[PlyCount "131"]
[TimeControl "300+1"]

1. d4 Nf6 2. c4 e6 3. Nf3 d5 4. Nc3 Bb4 5. Bg5 dxc4 6. e4 c5 7. Bxc4 cxd4 
8. Nxd4 Bxc3+ 9. bxc3 Qa5 10. Bb5+ Nbd7 11. Bxf6 Qxc3+ 12. Kf1 gxf6 13. h4 Qa5 
14. Qf3 Rg8 15. Rh3 a6 16. Bxd7+ Bxd7 17. Qxf6 Qd8 18. Qf4 Rc8 19. Kg1 Rc5 
20. Rf3 Qe7 21. Rg3 Rxg3 22. Qxg3 Kf8 23. Re1 e5 24. Nf5 Bxf5 25. exf5 b6 
26. Re4 Qf6 27. Qf3 a5 28. a4 h6 29. Kh2 Ke7 30. Rg4 Qd6 31. Qe3 Qf6 32. f3 Rc6 
33. Qe4 Kf8 34. Kg3 Rd6 35. Kh3 Rd4 36. Qc2 Ke7 37. Qc7+ Rd7 38. Qc1 Rd3 
39. Qc8 Rd7 40. Qc2 Rd4 41. g3 Kf8 42. Rxd4 exd4 43. Qc8+ Kg7 44. Qd7 Qe5 
45. Kg4 Qe3 46. Qd5 d3 47. Kh5 d2 48. g4 Qf4 49. g5 hxg5 50. hxg5 Qh2+ 
51. Kg4 Qg1+ 52. Kh5 Qh1+ 53. Kg4 Qg1+ 54. Kh5 Qh1+ 55. Kg4 Qg2+ 56. Kf4 Qh2+ 
57. Ke3 Qg1+ 58. Kxd2 Qxg5+ 59. Ke2 Qe7+ 60. Kd2 Qb4+ 61. Kd3 Qxa4 62. Qe5+ Kf8 
63. Qd6+ Kg7 64. Qe5+ Kh7 65. Qh2+ Kg7 66. Qe5+ 1/2-1/2

[Event "Monday Night Swiss 13Rd 5m+1s Starts at 2240hrs"]
[Site "Infinity Chess"]
[Date "2018.1.30"]
[Round "13"]
[White "BraveDevil"]
[Black "ocirema"]
[Result "1/2-1/2"]
[ECO "E10"]
[WhiteElo "2444"]
[BlackElo "2497"]
[WhiteEngine "Cryptic AIL V2"]
[BlackEngine "stockfish_18012814_x64_modern_CTG"]
[EventType "Swiss"]
[WhiteTeam ""]
[BlackTeam ""]
[PlyCount "81"]
[TimeControl "300+1"]

1. d4 Nf6 2. c4 e6 3. Nf3 d5 4. Nc3 c6 5. e3 Nbd7 6. Qc2 Bd6 7. Bd3 dxc4 
8. Bxc4 a6 9. O-O O-O 10. Rd1 b5 11. Bd3 h6 12. h3 c5 13. Ne4 Nxe4 14. Bxe4 Ra7 
15. dxc5 Nxc5 16. Bh7+ Kh8 17. e4 e5 18. Bf5 Bxf5 19. exf5 e4 20. Ne5 Rc7 
21. Qd2 Nb7 22. Ng4 f6 23. Qe2 Qe7 24. Rd4 Nc5 25. Bd2 h5 26. Ne3 Qe5 
27. Rxd6 Qxd6 28. Bb4 Rfc8 29. Qxh5+ Kg8 30. Qg6 Qe5 31. Rd1 Rd7 32. Rc1 Rdc7 
33. Rd1 Nd3 34. Ng4 Qxb2 35. Bd6 Rc1 36. Kh2 Rxd1 37. Nh6+ Kh8 38. Nf7+ Kg8 
39. Nh6+ Kh8 40. Nf7+ Kg8 41. Nh6+ 1/2-1/2

[Event "Monday Night Swiss 13Rd 5m+1s Starts at 2240hrs"]
[Site "Infinity Chess"]
[Date "2018.1.30"]
[Round "13"]
[White "RonWeasley"]
[Black "Coco69"]
[Result "1/2-1/2"]
[ECO "C53"]
[WhiteElo "2525"]
[BlackElo "2486"]
[WhiteEngine "BrainFish 060118_CTG"]
[BlackEngine "Raubfisch X37b4_CTG"]
[EventType "Swiss"]
[WhiteTeam ""]
[BlackTeam ""]
[PlyCount "82"]
[TimeControl "300+1"]

1. e4 e5 2. Nf3 Nc6 3. Bc4 Bc5 4. c3 Nf6 5. d3 a5 6. Bg5 h6 7. Bh4 d6 8. O-O O-O 
9. Nbd2 g5 10. Bg3 Kg7 11. Re1 g4 12. Bh4 gxf3 13. Qxf3 Be6 14. Rad1 Bxc4 
15. Nxc4 Qe7 16. d4 exd4 17. Qg3+ Kh7 18. Qf4 Qe6 19. Bxf6 dxc3 20. Bxc3 f5 
21. e5 d5 22. Nd2 Rad8 23. Nb3 b6 24. Nc1 Ne7 25. Bd2 Rg8 26. Nd3 Rg4 
27. Qf3 Ng6 28. Nxc5 bxc5 29. Qh3 Ne7 30. f3 Rg6 31. Bxa5 d4 32. Bxc7 Rdg8 
33. g3 Qc6 34. Bd6 Qxf3 35. Bxe7 Rxg3+ 36. Qxg3 Rxg3+ 37. hxg3 Qxg3+ 
38. Kf1 Qf3+ 39. Kg1 Qg3+ 40. Kf1 Qf3+ 41. Kg1 Qg3+ 1/2-1/2

[Event "Monday Night Swiss 13Rd 5m+1s Starts at 2240hrs"]
[Site "Infinity Chess"]
[Date "2018.1.30"]
[Round "13"]
[White "Victorious"]
[Black "Eman"]
[Result "1/2-1/2 "]
[ECO "D31"]
[WhiteElo "2554"]
[BlackElo "2499"]
[WhiteEngine "BugChess2.41_Release"]
[BlackEngine "Eman 1.68c 64-bit POPCNT"]
[EventType "Swiss"]
[WhiteTeam ""]
[BlackTeam ""]
[PlyCount "305"]
[TimeControl "300+1"]

1. d4 d5 2. c4 e6 3. Nc3 c6 4. Bf4 dxc4 5. a4 Qb6 6. Qd2 Qa5 7. Nf3 Nf6 
8. Qc1 c5 9. e3 cxd4 10. exd4 Bb4 11. Bxc4 O-O 12. O-O Nc6 13. Rd1 Nd5 
14. Ne5 Bxc3 15. bxc3 Nxe5 16. Bxd5 exd5 17. dxe5 Re8 18. h3 h6 19. Qd2 Be6 
20. Be3 Bf5 21. Bd4 Rac8 22. Qf4 Be6 23. Rdb1 b6 24. Qg3 Rc4 25. f4 Kh7 
26. Rb5 Qa6 27. Qd3+ g6 28. Rb2 Bf5 29. Qe2 Be4 30. Kh2 Rg8 31. a5 b5 
32. Raa2 Rgc8 33. Rb3 R8c7 34. e6 Qd6 35. Be5 Qxe6 36. Rxb5 Rd7 37. Rab2 f6 
38. Bd4 Rcc7 39. Qf2 Rf7 40. Rb8 Qc6 41. Kg1 Bf5 42. Kh2 Rce7 43. Rd8 Rd7 
44. Rbb8 Rxd8 45. Rxd8 Qb7 46. Rd6 Qe7 47. Ra6 Qd8 48. Qe3 Kg7 49. Rxa7 Rxa7 
50. Bxa7 Bc8 51. Qc5 Qd7 52. Bb8 d4 53. cxd4 Bb7 54. Bd6 h5 55. Qb6 Qc6 
56. Qxc6 Bxc6 57. f5 gxf5 58. a6 Kf7 59. Kg3 Ke6 60. Bf4 Kf7 61. a7 Ba8 
62. Kf2 Bb7 63. g3 Bc6 64. Ke3 Bd5 65. h4 Ke6 66. Kd3 Bh1 67. Kc3 Bg2 
68. Kd2 Be4 69. Be3 Ba8 70. Kd3 Kd5 71. Kc3 Bc6 72. Bf4 Ba8 73. Be3 Bb7 
74. Kb4 Bc6 75. Kc3 Ke6 76. Kd2 Bb7 77. Kc2 Bd5 78. Kc3 Kd7 79. Kb4 Be4 
80. Bf4 Ke6 81. Be3 Ba8 82. Kc4 Bg2 83. Kb3 Kd6 84. Bf4+ Ke7 85. Kc4 Ke6 
86. Kb3 Bc6 87. Bc1 Bd5+ 88. Ka3 Kd6 89. Bf4+ Ke7 90. Bh6 Bg2 91. Kb3 Ke6 
92. Kb4 Be4 93. Kc3 Bc6 94. Bc1 Bg2 95. Bd2 Bh1 96. Kb4 Kd7 97. Kc4 Ke6 
98. Kc3 Bd5 99. Bh6 Bc6 100. Bc1 Bg2 101. Bd2 Bd5 102. Kb4 Bc6 103. Kc5 Ba8 
104. Ba5 Bd5 105. Be1 Be4 106. Kb6 Kd6 107. Bb4+ Kd7 108. Bc3 Bd5 109. Be1 Be4 
110. Bd2 Ba8 111. Bh6 Be4 112. Bg7 f4 113. gxf4 f5 114. Kc5 Ke6 115. Kb5 Kd7 
116. Bf6 Ke6 117. Bh8 Bf3 118. Ka6 Bg2 119. Kb6 Kd7 120. Ka6 Ke6 121. Be5 Kd7 
122. Kb5 Bd5 123. Ka4 Be4 124. Kb5 Ke6 125. Kb6 Kd7 126. Kc5 Ke6 127. Bh8 Bd5 
128. Kb5 Kd6 129. Kb4 Bb7 130. Bf6 Bd5 131. Bd8 Bh1 132. Bg5 Bg2 133. Kb3 Bf3 
134. Kc2 Bd5 135. Kd2 Bh1 136. Bh6 Bg2 137. Bg7 Ke6 138. Kc2 Bd5 139. Kc3 Bh1 
140. Kc4 Bg2 141. Be5 Bf3 142. Kb3 Bc6 143. Kc4 Bh1 144. Bc7 Bd5+ 145. Kc5 Bf3 
146. Kb5 Kd7 147. Ba5 Ke6 148. Kb6 Kd6 149. Ka6 Kd7 150. Kb5 Bd5 151. Kc5 Ke6 
152. Bd8 Be4 153. d5+ 1/2-1/2

[Event "Monday Night Swiss 13Rd 5m+1s Starts at 2240hrs"]
[Site "Infinity Chess"]
[Date "2018.1.30"]
[Round "13"]
[White "MGR"]
[Black "star99"]
[Result "1/2-1/2 "]
[ECO "C55"]
[WhiteElo "2521"]
[BlackElo "2450"]
[WhiteEngine "asmFishW_2017-08-25_bmi2"]
[BlackEngine "Cryptic AIL V2"]
[EventType "Swiss"]
[WhiteTeam ""]
[BlackTeam ""]
[PlyCount "147"]
[TimeControl "300+1"]

1. e4 e5 2. Nf3 Nc6 3. Bc4 Nf6 4. d3 Bc5 5. O-O d6 6. c3 O-O 7. Nbd2 a5 
8. Re1 h6 9. Nf1 a4 10. Ng3 Ra5 11. h3 Be6 12. Bxe6 fxe6 13. Be3 Bxe3 
14. Rxe3 Nh7 15. Qc2 Ng5 16. Nxg5 Qxg5 17. Ne2 Rf6 18. Rg3 Qh5 19. Rg4 Ra8 
20. Rd1 Qe8 21. d4 Rg6 22. f3 Rxg4 23. hxg4 h5 24. gxh5 Qxh5 25. Qd3 exd4 
26. cxd4 Rf8 27. b3 a3 28. b4 Rf6 29. b5 Nb4 30. Qc4 Rh6 31. Kf2 Qh4+ 32. g3 Qg5 
33. Kg2 Qe3 34. Ng1 c5 35. bxc6 Nxc6 36. d5 Ne5 37. Qd4 Qxd4 38. Rxd4 exd5 
39. exd5 Rh7 40. f4 Ng4 41. Nf3 Rh5 42. Rd3 Rxd5 43. Rxa3 Kh7 44. Ra7 Ne3+ 
45. Kh3 Rh5+ 46. Nh4 Rb5 47. Ra3 Nd5 48. Rd3 Ra5 49. Nf3 Kg6 50. Ng5 Kf6 
51. Kg4 b6 52. Kh4 Ke7 53. Kh5 Kf6 54. a3 Kf5 55. Kh4 Kf6 56. Kh5 Kf5 
57. Kh4 Kf6 58. Kg4 Kg6 59. Ne4 Nf6+ 60. Nxf6 gxf6 61. Rxd6 Rxa3 62. f5+ Kg7 
63. Rxb6 Ra1 64. Rb7+ Kh6 65. Rb4 Rc1 66. Rd4 Ra1 67. Rb4 Rc1 68. Re4 Rd1 
69. Kh4 Rh1+ 70. Kg4 Ra1 71. Rc4 Rb1 72. Rd4 Ra1 73. Re4 Rb1 74. Rf4 1/2-1/2

[Event "Monday Night Swiss 13Rd 5m+1s Starts at 2240hrs"]
[Site "Infinity Chess"]
[Date "2018.1.30"]
[Round "13"]
[White "mike"]
[Black "MCDermont"]
[Result "1/2-1/2"]
[ECO "C07"]
[WhiteElo "2444"]
[BlackElo "2552"]
[WhiteEngine "komodo-11.2.2-64bit"]
[BlackEngine "BrainFish 060118_CTG"]
[EventType "Swiss"]
[WhiteTeam ""]
[BlackTeam ""]
[PlyCount "97"]
[TimeControl "300+1"]

1. e4 e6 2. d4 d5 3. Nd2 c5 4. Ngf3 cxd4 5. exd5 Qxd5 6. Bc4 Qd6 7. O-O Nf6 
8. Nb3 Nc6 9. Nbxd4 Nxd4 10. Nxd4 a6 11. Bb3 Qc7 12. Re1 Bd6 13. Nf5 Bxh2+ 
14. Kh1 O-O 15. Nxg7 Rd8 16. Qf3 Kxg7 17. Bh6+ Kg6 18. c3 Nh5 19. Bc1 Bf4 
20. g4 Ng3+ 21. fxg3 Bxc1 22. Raxc1 Bd7 23. Kh2 Bc6 24. Qe3 h6 25. Rc2 Rd7 
26. Rf2 Kg7 27. Bc2 Qa5 28. Qf4 Qg5 29. Re5 Rh8 30. Kg1 Qxf4 31. gxf4 Bd5 
32. a4 b5 33. axb5 axb5 34. f5 exf5 35. Bxf5 Rd6 36. Be4 Bc4 37. Kg2 b4 
38. Rc5 Be6 39. Bf5 bxc3 40. Bxe6 Rxe6 41. bxc3 Rhe8 42. Rc7 R8e7 43. Rxe7 Rxe7 
44. Rf4 Rd7 45. Rd4 Rxd4 46. cxd4 Kf6 47. Kg3 Ke6 48. Kf4 Kd5 49. Ke3 1/2-1/2

[Event "Monday Night Swiss 13Rd 5m+1s Starts at 2240hrs"]
[Site "Infinity Chess"]
[Date "2018.1.30"]
[Round "13"]
[White "Dovahkiin"]
[Black "KULLANI"]
[Result "1/2-1/2"]
[ECO "C77"]
[WhiteElo "2457"]
[BlackElo "2519"]
[WhiteEngine "BrainFish_180128_x64_modern_CTG"]
[BlackEngine "BrainFish_180124_x64_CTG"]
[EventType "Swiss"]
[WhiteTeam ""]
[BlackTeam ""]
[PlyCount "108"]
[TimeControl "300+1"]

1. e4 e5 2. Nf3 Nc6 3. Bb5 a6 4. Ba4 Nf6 5. d3 Bc5 6. O-O d6 7. c3 O-O 8. Bg5 h6 
9. Bh4 Ba7 10. Nbd2 b5 11. Bc2 a5 12. a4 b4 13. Nc4 Rb8 14. Ne3 Be6 15. h3 b3 
16. Bb1 g5 17. Bg3 g4 18. hxg4 Bxe3 19. fxe3 Nxg4 20. Qe2 Ne7 21. Bh4 f6 
22. d4 Qe8 23. Bd3 Kh8 24. Bb5 Qg6 25. Rae1 Rxb5 26. Qxb5 Qxe4 27. c4 Ng6 
28. Bg3 Qc2 29. Qxa5 Bxc4 30. Rc1 Qxb2 31. Rxc4 Nxe3 32. Qd2 Qxd2 33. Nxd2 Nxc4 
34. Nxc4 exd4 35. a5 Kg7 36. Nd2 b2 37. Rb1 Ra8 38. Rxb2 Rxa5 39. Rb7 Ra1+ 
40. Kf2 Ne5 41. Rxc7+ Kg6 42. Rb7 Kf5 43. Rb6 Ra2 44. Ke1 d5 45. Rd6 Rxd2 
46. Kxd2 Nc4+ 47. Kc1 Nxd6 48. Bxd6 Ke4 49. Kd2 f5 50. g3 d3 51. Bb4 h5 
52. Bc5 Kf3 53. Bd6 Ke4 54. Bc7 Kd4 1/2-1/2

[Event "Monday Night Swiss 13Rd 5m+1s Starts at 2240hrs"]
[Site "Infinity Chess"]
[Date "2018.1.30"]
[Round "13"]
[White "MarioDeMonti"]
[Black "SkyPilot"]
[Result "1/2-1/2"]
[ECO "B90"]
[WhiteElo "2525"]
[BlackElo "2450"]
[WhiteEngine "stockfish_x64_bmi2_2018_01_23_CTG"]
[BlackEngine "stockfish_x64_bmi2_2018_01_23_CTG"]
[EventType "Swiss"]
[WhiteTeam ""]
[BlackTeam ""]
[PlyCount "73"]
[TimeControl "300+1"]

1. e4 c5 2. Nf3 d6 3. d4 cxd4 4. Nxd4 Nf6 5. Nc3 a6 6. Be3 e5 7. Nb3 Be6 
8. f3 h5 9. Qd2 Nbd7 10. Nd5 Bxd5 11. exd5 g6 12. O-O-O Nb6 13. Qa5 Bh6 
14. Bxh6 Rxh6 15. Qd2 Rh8 16. Na5 Qc7 17. c4 Kf8 18. Kb1 Kg7 19. Bd3 Nbd7 
20. Ka1 Nc5 21. Bb1 b5 22. Rc1 Qb6 23. b4 Nb7 24. c5 dxc5 25. Nxb7 Qxb7 
26. Rxc5 Rhd8 27. Rd1 Rd6 28. Qc3 Qe7 29. Bc2 Ra7 30. Bb3 Rad7 31. g3 Kh7 
32. Kb2 e4 33. Rc8 Rd8 34. Rc7 R8d7 35. Rc8 Rd8 36. Rc7 R8d7 37. Rc8 1/2-1/2

[Event "Monday Night Swiss 13Rd 5m+1s Starts at 2240hrs"]
[Site "Infinity Chess"]
[Date "2018.1.30"]
[Round "12"]
[White "Coco69"]
[Black "mike"]
[Result "1/2-1/2"]
[ECO "B45"]
[WhiteElo "2488"]
[BlackElo "2442"]
[WhiteEngine "Raubfisch X37b4_CTG"]
[BlackEngine "komodo-11.2.2-64bit"]
[EventType "Swiss"]
[WhiteTeam ""]
[BlackTeam ""]
[PlyCount "141"]
[TimeControl "300+1"]

1. e4 c5 2. Nf3 e6 3. d4 cxd4 4. Nxd4 Nf6 5. Nc3 Nc6 6. Ndb5 Bb4 7. a3 Bxc3+ 
8. Nxc3 d5 9. exd5 exd5 10. Bd3 O-O 11. O-O d4 12. Ne2 Bg4 13. Bg5 h6 
14. Bh4 Bxe2 15. Qxe2 Re8 16. Qf3 Ne5 17. Qxb7 Nxd3 18. cxd3 Qd5 19. Qb4 a5 
20. Qd2 Nd7 21. Rac1 Nc5 22. Rc4 a4 23. Qc2 Nb3 24. f3 Qa5 25. Rd1 Re6 
26. Bg3 Rae8 27. Rc8 Kh7 28. Rxe8 Rxe8 29. h3 f6 30. h4 Re6 31. Rf1 Re8 
32. Qd1 Qf5 33. Re1 Rc8 34. Bf2 h5 35. Qe2 Qg6 36. Rd1 Rc5 37. Kh2 Re5 
38. Qf1 Re8 39. Bg3 Re6 40. Be1 f5 41. Bg3 Qe8 42. Kg1 Kg6 43. Bf4 Re2 
44. Rb1 Nd2 45. Bxd2 Rxd2 46. Re1 Qc6 47. Re2 Qc2 48. Rxd2 Qxd2 49. Qf2 Qxd3 
50. Qg3+ Kf7 51. Qc7+ Kg8 52. Kh2 Kh7 53. Qf7 Qb5 54. Qxh5+ Kg8 55. Qg5 Qe5+ 
56. Kh3 Qd5 57. Qe7 f4 58. Qe8+ Kh7 59. Qxa4 d3 60. Qd1 d2 61. g4 Qd4 
62. Kg2 Qxb2 63. Kf1 Qd4 64. Kg2 g6 65. a4 Qe3 66. Kf1 Kh6 67. a5 Qd3+ 
68. Kg2 Qe3 69. Kf1 Qd3+ 70. Kf2 Qe3+ 71. Kf1 1/2-1/2

[Event "Monday Night Swiss 13Rd 5m+1s Starts at 2240hrs"]
[Site "Infinity Chess"]
[Date "2018.1.30"]
[Round "12"]
[White "Eman"]
[Black "HULK"]
[Result "1/2-1/2"]
[ECO "D31"]
[WhiteElo "2499"]
[BlackElo "2495"]
[WhiteEngine "Eman 1.68c 64-bit POPCNT"]
[BlackEngine "BrainFish_180124_x64_bmi2_CTG"]
[EventType "Swiss"]
[WhiteTeam ""]
[BlackTeam ""]
[PlyCount "97"]
[TimeControl "300+1"]

1. d4 d5 2. c4 e6 3. Nc3 c6 4. e4 dxe4 5. Nxe4 Bb4+ 6. Nc3 e5 7. dxe5 Qxd1+ 
8. Kxd1 Bf5 9. Nf3 Nd7 10. Nh4 Be6 11. f4 O-O-O 12. Kc2 Nh6 13. Ne4 Be7 
14. g3 Nc5 15. Nxc5 Bxc5 16. Be2 Bh3 17. Bf1 Be6 18. Bd2 g6 19. Be2 Ng4 
20. b4 Be7 21. Nf3 Rd7 22. h3 Bf5+ 23. Kb3 Bd3 24. Rhe1 Bxe2 25. Rxe2 Rd3+ 
26. Kc2 Rxf3 27. hxg4 Rxg3 28. g5 h5 29. gxh6 Rxh6 30. e6 fxe6 31. Rxe6 Bd8 
32. Rae1 Rg2 33. a4 c5 34. bxc5 Rhh2 35. Rd6 Rxd2+ 36. Rxd2 Rxd2+ 37. Kxd2 Ba5+ 
38. Ke2 Bxe1 39. Kxe1 Kc7 40. Kf2 Kc6 41. Kg3 Kxc5 42. Kh4 Kd4 43. Kg5 Ke3 
44. a5 b6 45. axb6 axb6 46. Kg4 Kd3 47. Kg5 Ke4 48. Kg4 Kd3 49. Kg5 1/2-1/2